 Dungeon Crawl Stone Soup version 0.28-a0-537-g3bccd9ccbf (webtiles) character file.

Game seed: 15549263460439207483

25 Gwenloh the Bolt Thrower (level 2, -1/25 HPs)
             Began as a Minotaur Hunter on Sept 27, 2021.
             Succumbed to Terence's poison
             ... on level 2 of the Dungeon.
             The game lasted 00:03:11 (822 turns).

Gwenloh the Bolt Thrower (Minotaur Hunter)           Turns: 822, Time: 00:03:12

Health: -1/25      AC:  5    Str: 22    XL:     2   Next: 82%
Magic:  1/1        EV: 11    Int:  8    God:
Gold:   49         SH:  0    Dex: 10    Spells: 1/1 levels left

rFire   . . .      SeeInvis .   b - +0 short sword
rCold   . . .      Faith    .   (no shield)
rNeg    . . .      Spirit   .   k - +0 ring mail
rPois   .          Reflect  .   (helmet restricted)
rElec   .          Harm     .   (no cloak)
rCorr   .          Rampage  .   (no gloves)
Will    .....                   (no boots)
Stlth   +.........              (no amulet)
HPRegen 0.08/turn               e - +6 ring of strength
MPRegen 0.07/turn               (no ring)

@: lethally poisoned (-1 -> -21)
A: horns 2, retaliatory headbutt
a: no special abilities


You were on level 2 of the Dungeon.
You visited 1 branch of the dungeon, and saw 2 of its levels.

You collected 49 gold pieces.

Inventory:

Hand Weapons
 a - a +1 hand crossbow
 b - a +0 short sword (weapon)
Missiles
 d - 18 bolts
Armour
 c - a +0 leather armour
 k - a +0 ring mail (worn)
Jewellery
 e - a +6 ring of strength (left hand)
Scrolls
 f - 2 scrolls of teleportation {unknown}
 g - a scroll of acquirement {unknown}
 h - a scroll of enchant armour {unknown}
 i - 2 scrolls of fog {unknown}
 l - a scroll of identify {unknown}
Potions
 j - a potion of flight {unknown}


   Skills:
 - Level 2.4 Fighting
 * Level 5.4 Crossbows
 + Level 2.2 Dodging
 - Level 0.7 Stealth


You had one spell level left.
You didn't know any spells.
Your spell library was empty.

Dungeon Overview and Level Annotations

Branches:
Dungeon (2/15)

Altars:

Shops:
D:1 (

Annotations:
D:2 Terence


Innate Abilities, Weirdness & Mutations

You have a pair of horns on your head.
You reflexively headbutt those who attack you in melee.


Message History

There is a stone staircase leading down here.
You puncture the rat!
You kill the rat!
You now have 40 gold pieces (gained 2).
Done exploring.
Done exploring.
There is a stone staircase leading down here.
Search for what [? for help]? :1 You climb downwards.
Found a stone staircase leading down.
There is a stone staircase leading up here.
Found a stone staircase leading up.
You now have 49 gold pieces (gained 9).
Found a robe.
You see here a +0 robe.
Terence the Incautious comes into view.
He is wielding a +1 flail of venom and wearing a +3 chain mail of poison resistance.
Terence shouts!
Okay, then.
You hit Terence.
Terence is moderately wounded.
Terence hits you with a +1 flail of venom.
You hit Terence.
Terence is heavily wounded.
A giant cockroach comes into view.
Terence hits you but does no damage.
You are poisoned.
You hit Terence but do no damage.
Terence is heavily wounded.
You feel very sick.
Terence hits you with a +1 flail of venom!
You are lethally poisoned!
You hit Terence but do no damage. You headbutt Terence, but do no damage.
Terence is heavily wounded.
* * * LOW HITPOINT WARNING * * *
You feel very sick.
Terence hits you with a +1 flail of venom.
* * * LOW HITPOINT WARNING * * *
You are more poisoned.
The giant cockroach bites you but does no damage.
You die...

#..#
#.###.#..#..
#..#
#.#..#.#
#..#
#.#..#.<
#..#
#.#.....
#..#
#.##.#..
#..# #.#
.... #..#
... .. .
#..# ...
#.@# #..#
#..B@.....#
###.#######
#.. ###


You could see Terence and a giant cockroach.

Vanquished Creatures
  3 ball pythons (D:1)
  3 bats (D:1)
  3 endoplasms (D:1)
  2 goblins (D:1)
  3 jackals (D:1)
  2 kobolds (D:1)
  2 quokkas (D:1)
  A frilled lizard (D:1)
  3 rats (D:1)
22 creatures vanquished.

Notes
Turn   | Place    | Note
-------+----------+-------------------------------------------
     0 | D:1      | Gwenloh the Minotaur Hunter began the quest for the Orb.
     0 | D:1      | Reached XP level 1. HP: 18/18 MP: 0/0
   175 | D:1      | Reached XP level 2. HP: 25/25 MP: 1/1
   184 | D:1      | Found Bybabej's Weapon Boutique.
   195 | D:1      | Reached skill level 5 in Crossbows
   817 | D:2      | Noticed Terence
   822 | D:2      | Succumbed to Terence's poison

Illustrated notes

Levels and vault maps discovered:
D:1:      psy_arrival_dodecagon, layout_loops_ring, serial_shops, shop,
          solitary_fountain, hangedman_abyss_or_decor_lesser_grid
D:2:      layout_basic, shapermc_ecumenical_altar_mp_vishouse,
          kennysheep_generic_room_13, uniq_terence

Skill      XL: |  1  2 |
---------------+-------+-----
Crossbows      | 5 |  5.4
Fighting       | |  2.4
Dodging        | |  2.2
Stealth        | |  0.7

Action                   || total
-------------------------++-------
Melee: Short sword       ||    32
       Headbutt          ||     5
 Fire: Hand crossbow     ||    10
Armor: Leather armour    ||     5
       Ring mail         ||     3
Dodge: Dodged            ||    21

Table legend: (Time is in decaauts)
 A = Elapsed time spent in this place.
 B = Non-inter-level travel time spent in this place.
 C = Inter-level travel time spent in this place.
 D = Time resting spent in this place.
 E = Time spent auto-exploring this place.
 F = Levels seen in this place.
 G = Mean time per level.
                   A        B        C        D        E       F      G
               +--------+--------+--------+--------+--------+-----+--------+
         Total |    821 |    777 |     44 |     69 |    508 |   2 |  410.5 |
       Dungeon |    821 |    777 |     44 |     69 |    508 |   2 |  410.5 |
               +--------+--------+--------+--------+--------+-----+--------+

Top non-repeatable levels by time:
     D:1: 782 daAuts
     D:2: 39 daAuts
